 Dungeon Crawl Stone Soup version 0.30.1-11-g7821555f0a (webtiles) character file.

Game seed: 5934742288668248088

898 FakeRyeBread the Cleaver (level 7, 0/66 HPs)
             Began as a Minotaur Fighter on Jan 9, 2024.
             Slain by an ogre
             ... wielding a +0 giant spiked club
              (13 damage)
             ... on level 4 of the Dungeon.
             The game lasted 00:07:52 (3793 turns).

FakeRyeBread the Cleaver (Minotaur Fighter)         Turns: 3793, Time: 00:07:53

Health: 0/66       AC: 14    Str: 23    XL:     7   Next: 79%
Magic:  6/6        EV:  6    Int:  5    God:
Gold:   174        SH:  4    Dex:  9    Spells: 6/6 levels left

rFire   . . .        a - +1 war axe (freeze)
rCold   . . .        c - +0 buckler
rNeg    . . .        w - +0 plate armour
rPois   .            (helmet restricted)
rElec   .            n - +1 cloak
rCorr   .            b - +0 pair of gloves
SInv    .            (no boots)
Will    .....        (no amulet) Stlth
                     (no ring)
HPRegen 0.31/turn    (no ring)
MPRegen 0.10/turn

%: no passive effects
@: mighty
A: horns 2, retaliatory headbutt
a: no special abilities


You were on level 4 of the Dungeon.
You visited 1 branch of the dungeon, and saw 4 of its levels.
You also visited: Sewer.

You collected 174 gold pieces.

Inventory:

Hand Weapons
 a - a +1 war axe of freezing (weapon)
 o - a +1 whip of holy wrath
Armour
 b - a +0 pair of gloves (worn)
 c - a +0 buckler (worn)
 n - a +1 cloak (worn)
 w - a +0 plate armour (worn)
Scrolls
 f - a scroll of brand weapon
 h - a scroll of fog
 j - 2 scrolls of fear
 k - a scroll of poison
 p - a scroll of enchant weapon
 s - 2 scrolls of identify
Potions
 d - a potion of might
 e - 3 potions of brilliance {unknown}
 g - 4 potions of curing
 i - 2 potions of magic {unknown}
 l - 2 potions of mutation
 m - 2 potions of heal wounds
 q - a potion of lignification
 r - a potion of berserk rage {unknown}
 t - a potion of haste {unknown}
 u - a potion of resistance
 v - a potion of cancellation {unknown}


   Skills:
 + Level 7.0 Fighting
 * Level 9.1 Axes
 - Level 3.6 Armour
 - Level 3.6 Shields


You had 6 spell levels left.
You didn't know any spells.
Your spell library contained the following spells:

 Spells                   Type           Power      Damage    Failure   Level
 Ignite Poison            Fire/Tmut/Pois 0%         N/A       100%        3
 Sticky Flame             Conj/Fire      0%         2d3       100%        4
 Ignition                 Fire           0%         3d3       100%        8


Dungeon Overview and Level Annotations

Branches:
Dungeon (4/15)              Sewer (visited)
 Temple: D:4-7

Altars:
Cheibriados
Ru
Sif Muna
Xom

Annotations:
D:3 3 runed translucent doors, GrumpyGrim72's ghost, amateur DECj


Innate Abilities, Weirdness & Mutations

You have a pair of horns on your head.
You reflexively headbutt those who attack you in melee.


Message History

You now have 174 gold pieces (gained 15).
Found an escape hatch in the ceiling.
Found a ring mail.
No target in view!
p - a scroll of enchant weapon No target in view!
Found a stone staircase leading down.
An ogre comes into view. It is wielding a +0 giant spiked club.
The ogre shouts!
Found a scroll of silence.
The ogre hits you with a +0 giant spiked club!!
You hit the ogre. You freeze the ogre.
The ogre is lightly wounded.
You hit the ogre. You freeze the ogre.
The ogre is lightly wounded.
The ogre hits you with a +0 giant spiked club!!
* * * LOW HITPOINT WARNING * * *
You are too injured to fight recklessly!
You feel much better. The ogre closely misses you. You furiously retaliate!
You headbutt the ogre! You hit the ogre. You freeze the ogre.
The ogre is heavily wounded.
You hit the ogre. You freeze the ogre.
The ogre is severely wounded.
The ogre barely misses you.
You hit the ogre. You freeze the ogre.
The ogre is severely wounded.
The ogre hits you with a +0 giant spiked club!!
You barely miss the ogre. Your headbutt misses the ogre.
The ogre is severely wounded.
The ogre hits you with a +0 giant spiked club!
* * * LOW HITPOINT WARNING * * *
You hit the ogre but do no damage. Your headbutt misses the ogre.
The ogre is severely wounded.
You feel very mighty all of a sudden. The ogre hits you but does no damage.
You barely miss the ogre.
The ogre is severely wounded.
The ogre hits you with a +0 giant spiked club!
You die...

#..........##########
#..........# #
#####.#.....# #
#.....#.....#
#.....#.....#
#.....#.....#
#>....+...... #.....#
###. ### #....@# ##_#
#....O....... ##..###
#####........ #.#...#
#........ #..#..#
......... ##..#.#
......... ##..##
.?....... ##.#..#
.....########...#.#
#......#.#...#


You could see an ogre.

Vanquished Creatures
  A black bear (D:4)
  An orc warrior (D:4)
  4 kobold brigands (Sewer)
  A hound (D:4)
  A jelly (D:4)
  5 gnolls
  15 adders
  7 river rats (Sewer)
  4 worms
  A dart slug (D:3)
  An orc (D:3)
  10 endoplasms
  8 giant cockroaches
  2 goblins
  10 hobgoblins
  5 jackals
  4 quokkas
  11 ball pythons
  5 bats
  2 frilled lizards
  23 kobolds
  30 rats
151 creatures vanquished.

Notes
Turn   | Place    | Note
-------+----------+-------------------------------------------
     0 | D:1      | FakeRyeBread the Minotaur Fighter began the quest for the
                  | Orb.
     0 | D:1      | Reached XP level 1. HP: 19/19 MP: 0/0
    30 | D:1      | Reached skill level 3 in Axes
    30 | D:1      | Reached XP level 2. HP: 7/27 MP: 1/1
   324 | D:1      | Reached XP level 3. HP: 29/33 MP: 2/2
   491 | D:1      | Reached skill level 4 in Axes
   776 | D:2      | Reached XP level 4. HP: 27/41 MP: 3/3
  1599 | D:3      | Found a sacrificial altar of Ru.
  1633 | D:3      | Reached skill level 5 in Axes
  1725 | D:3      | Found a shimmering blue altar of Sif Muna.
  1836 | D:3      | Found a faded altar of an unknown god.
  1879 | D:3      | Found a runed translucent gate.
  1879 | D:3      | Found a runed translucent gate.
  1880 | D:3      | Noticed GrumpyGrim72's ghost (amateur DECj)
  1881 | D:3      | Found a runed translucent gate.
  2336 | D:4      | Reached XP level 5. HP: 46/47 MP: 4/4
  2340 | D:4      | Reached skill level 5 in Fighting
  2375 | D:4      | Found a glowing drain.
  2397 | Sewer    | Entered a sewer
  2446 | Sewer    | Reached skill level 6 in Axes
  2510 | Sewer    | Reached XP level 6. HP: 47/56 MP: 5/5
  2712 | Sewer    | Reached skill level 7 in Axes
  2918 | Sewer    | Reached XP level 7. HP: 57/63 MP: 6/6
  3147 | D:4      | Reached skill level 8 in Axes
  3262 | D:4      | HP: 1/64 [orc warrior/+0 glaive (15)]
  3486 | D:4      | Reached skill level 9 in Axes
  3493 | D:4      | Found a shimmering altar of Xom.
  3550 | D:4      | Found a snail-covered altar of Cheibriados.
  3793 | D:4      | Slain by an ogre

Illustrated notes

Levels and vault maps discovered:
D:1:      ldierk_walled_garden, layout_basic, minmay_tiny_reverse_x
D:2:      layout_basic, guppyfry_early_lair_pool
D:3:      layout_loops_cross, mainiacjoe_overflow_chevrons,
          mainiacjoe_overflow_six_doors_small,
          hellmonk_ecumenical_altar_crossroads, gammafunk_ghost_split
D:4:      minmay_clustersquares, layout_basic, kennysheep_mini_moat,
          marbit_many_paths, gup_sewer_entry_glass

Skill      XL: |  1  2  3  4  5  6  7 |
---------------+----------------------+-----
Axes           | 3 4 5 6 7 9 |  9.1
Fighting       | 4 5 6 7 |  7.0
Armour         | |  3.6
Shields        | |  3.6

Action                     |  1- 3 |  4- 6 |  7- 9 || total
---------------------------+-------+-------+-------++-------
  Melee: War axe           |    69 |   164 |    57 ||   290
         Headbutt          |     8 |    30 |     8 ||    46
    Use: Scroll            |       |    15 |       ||    15
         Potion            |       |       |     3 ||     3
 Armour: Scale mail        |    37 |    21 |       ||    58
         Chain mail        |       |    76 |    19 ||    95
         Plate armour      |       |       |    10 ||    10
  Dodge: Dodged            |    31 |    57 |    18 ||   106
  Block: Buckler           |    18 |    31 |    12 ||    61
